 Dungeon Crawl Stone Soup version 0.31.0-32-g396128a36d (webtiles) character file.

Game seed: 14234275200716236150

372 nitefall the Chopper (level 6, -2/79 HPs)
             Began as a Minotaur Berserker on Apr 23, 2024.
             Was a Priest of Trog.
             Slain by an ogre
             ... wielding a +0 giant club
              (15 damage)
             ... on level 5 of the Dungeon.
             The game lasted 00:04:43 (2923 turns).

nitefall the Chopper (Minotaur Berserker)           Turns: 2923, Time: 00:04:43

Health: -2/79      AC: 10    Str: 21    XL:     6   Next: 43%
Magic:  5/5        EV:  8    Int:  4    God:    Trog [***...]
Gold:   211        SH:  8    Dex: 12    Spells: 5/5 levels left

rFire   . . .        w - +2 hand axe (freeze)
rCold   . . .        f - +0 kite shield
rNeg    . . .        e - +0 chain mail
rPois   .            (helmet restricted)
rElec   .            (no cloak)
rCorr   .            k - +0 pair of gloves
SInv    .            (no boots)
Will    ++...        (no amulet) Stlth
                     (no ring)
HPRegen 1.33/turn    (no ring)
MPRegen 0.09/turn

%: no passive effects
@: berserking, strong-willed, regenerating, very quick
A: horns 2, retaliatory headbutt
a: Renounce Religion, Berserk, Trog's Hand


You were on level 5 of the Dungeon.
You worshipped Trog.
Trog was most pleased with you.
You visited 1 branch of the dungeon, and saw 5 of its levels.

You collected 211 gold pieces.

Inventory:

Hand Weapons
 a - a +0 hand axe
 w - a +2 hand axe of freezing (weapon)
Missiles
 c - 52 stones (quivered)
 d - 5 javelins
 j - 7 poisoned darts
Armour
 b - a +0 animal skin
 e - a +0 chain mail (worn)
 f - a +0 kite shield (worn)
 k - a +0 pair of gloves (worn)
 z - a +0 tower shield
Jewellery
 v - a ring of fire
Wands
 m - a wand of flame (12)
Scrolls
 h - a scroll of immolation {unknown}
 i - 3 scrolls of identify {unknown}
 n - a scroll of vulnerability {unknown}
 r - 2 scrolls of fog {unknown}
 s - 2 scrolls of teleportation {unknown}
 u - a scroll of fear {unknown}
 y - a scroll of blinking {unknown}
 A - a scroll of noise {unknown}
Potions
 g - 4 potions of brilliance {unknown}
 l - 2 potions of cancellation {unknown}
 o - a potion of lignification {unknown}
 p - a potion of degeneration {unknown}
 q - a potion of magic {unknown}
 t - a potion of might {unknown}
 x - 3 potions of curing {unknown}
 B - a potion of heal wounds {unknown}
 C - a potion of attraction {unknown}


   Skills:
 + Level 4.7 Fighting
 * Level 5.5 Axes
 + Level 2.3 Throwing
 + Level 3.7 Armour
 + Level 3.3 Dodging
 + Level 2.5 Shields


You had 5 spell levels left.
You didn't know any spells.
Your spell library was empty.

Dungeon Overview and Level Annotations

Branches:
Dungeon (5/15)
 Temple: D:4-7

Altars:
Elyvilon
Wu Jian
Zin

Shops:
D:2 (

Annotations:
D:5 Grinder


Innate Abilities, Weirdness & Mutations

You have a pair of horns on your head.
You reflexively headbutt those who attack you in melee.


Message History

You kill the gnoll!
Trog accepts your kill.
You are no longer berserk.
You are exhausted.
You feel yourself slow down.
You see here a +0 spear.
You see here a +0 spear.
Items here: )) ††.
You see here a +0 whip.
HP restored.
You see here a +0 whip.
Items here: )) ††.
You feel yourself speed up.
You see here a +0 spear.
Found an ornate altar of the Wu Jian Council.
An ogre comes into view. It is wielding a +0 giant club.
An ogre is nearby!
No reachable target in view!
An ogre is nearby!
You recover from your berserk rage.
An ogre is nearby!
Grinder comes into view.
Grinder shouts!
You slash the ogre! You freeze the ogre.
The ogre is moderately wounded.
The ogre hits you with a +0 giant club!!
Ouch! That really hurt!
Your skin crawls.
You feel strong-willed. Grinder gestures at you.
You resist with almost no effort.
A red film seems to cover your vision as you go berserk!
You feel yourself moving faster!
You feel mighty!
The ogre hits you with a +0 giant club!!
* * * LOW HITPOINT WARNING * * *
You slash the ogre! You freeze the ogre.
The ogre is almost dead.
Grinder gestures at you. You resist with almost no effort.
The ogre hits you with a +0 giant club!
You die...

#..≈≈≈≈≈..#
#.≈§.§..§.#
#.≈§≈§≈.≈.#
#.≈§§..≈≈.#
#.≈≈._.≈≈§#
#.≈≈...≈≈.#
#.≈.≈≈§O≈.#
#.≈.5..@≈.#
#..§≈≈≈≈..##
.#########.#
#.##.###.#
#.##.....#
#.##.#####
#.##.#
#.##.#
#.##)#


You could see Grinder and an ogre.

Vanquished Creatures
  Edmund (D:4)
  A hound (D:4)
  9 gnolls
  4 adders
  4 dart slugs
  A ribbon worm (D:2)
  An orc (D:4)
  7 ball pythons
  5 bats (D:1)
  6 endoplasms
  2 giant cockroaches (D:1)
  7 hobgoblins
  10 jackals
  4 quokkas
  8 frilled lizards
  14 goblins
  8 kobolds
  8 rats
100 creatures vanquished.

Notes
Turn   | Place    | Note
-------+----------+-------------------------------------------
     0 | D:1      | nitefall the Minotaur Berserker began the quest for the
                  | Orb.
     0 | D:1      | Reached XP level 1. HP: 19/19 MP: 0/0
    80 | D:1      | Reached XP level 2. HP: 12/27 MP: 1/1
   425 | D:1      | Reached ** piety under Trog
   443 | D:1      | Reached skill level 4 in Axes
   443 | D:1      | Reached skill level 1 in Throwing
   595 | D:1      | Reached skill level 1 in Shields
   595 | D:1      | Reached XP level 3. HP: 33/33 MP: 2/2
   866 | D:2      | Found a glowing silver altar of Zin.
  1099 | D:2      | Reached XP level 4. HP: 40/40 MP: 3/3
  1112 | D:2      | Found Conaedac's Antique Weapon Shop.
  1656 | D:3      | Found a white marble altar of Elyvilon.
  1944 | D:3      | Reached *** piety under Trog
  2368 | D:4      | Noticed Edmund
  2376 | D:4      | Killed Edmund
  2377 | D:4      | Reached skill level 5 in Axes
  2377 | D:4      | Reached XP level 5. HP: 22/47 MP: 4/4
  2512 | D:4      | Reached XP level 6. HP: 53/53 MP: 5/5
  2868 | D:5      | Entered Level 5 of the Dungeon
  2916 | D:5      | Found an ornate altar of the Wu Jian Council.
  2919 | D:5      | Noticed Grinder
  2923 | D:5      | Slain by an ogre

Illustrated notes

Levels and vault maps discovered:
D:1:      lightli_arrival_isolated_outpost, layout_rooms, serial_corexii_hall,
          corexii_hall_statues_i, corexii_hall_statues_l,
          corexii_hall_statues_i, chequers_hall_statues_wall_a, st_stairs_8
D:2:      layout_rooms, serial_shops, nicolae_shop_peninsula, basic_altar
D:3:      cheibrodos_greedy_goblins, layout_loops_corners, elyvilon_altar_4
D:4:      layout_rooms, uniq_edmund
D:5:      layout_loops_ring, mainiacjoe_overflow_paths, uniq_grinder

Skill      XL: |  1  2  3  4 |
---------------+-------------+-----
Axes           | 4 5 |  5.5
Throwing       | 1 2 |  2.3
Shields        | 1 2 |  2.5
Fighting       | 4 |  4.7
Armour         | 3 |  3.7
Dodging        | 3 |  3.3

Action                     |  1- 3 |  4- 6 || total
---------------------------+-------+-------++-------
  Melee: Hand axe          |   102 |    92 ||   194
         Headbutt          |    19 |     7 ||    26
 Invoke: Berserk           |       |     3 ||     3
         Trog's Hand       |       |     1 ||     1
 Armour: Animal skin       |    12 |       ||    12
         Chain mail        |    48 |    57 ||   105
  Dodge: Dodged            |    55 |    24 ||    79
  Block: Kite shield       |    23 |    30 ||    53
